cohdb
Replays
Latest Replays
All Replays
Popular Replays
Top Player Replays
Match Explorer
How It Works
Community
CoH3 Stats
Reddit
Sign in to upload your games and track your stats! →
Sign in with Steam
Match 42374785
Unlisted
Match 42374785
Overview
Messages
Build Orders
End
Selects Australian Defense Battlegroup
Selects Australian Light Infantry Section
Australian Light Infantry Section
Construct Section Command Post
Dingo Light Scout Car
Australian Light Infantry Section
Australian Light Infantry Section
Selects Defensive Tactics
Construct Platoon Command Post
Humber Armored Car
Humber Armored Car
Humber Armored Car
Royal Engineer Section
Humber Armored Car
Selects Vehicle Over Repair
Humber Armored Car
Humber Armored Car
Humber Armored Car
UMirinBrah?
Ghost
Sparkle
Mo-J
0
0
Comments
sign in to comment!
No comments posted yet!